 Dungeon Crawl Stone Soup version 0.32-a0-391-gce5c0aab1b (webtiles) character file.

Game seed: 15609363662509593234

388 Goblin1989 the Sneak (level 6, -1/44 HPs)
             Began as a Coglin Brigand on Feb 20, 2024.
             Was a Believer of Uskayaw.
             Killed by nerve-wracking pain
             ... invoked by Menkaure
              (9 damage)
             ... on level 4 of the Dungeon.
             The game lasted 00:09:10 (2694 turns).

Goblin1989 the Sneak (Coglin Brigand)               Turns: 2694, Time: 00:09:11

Health: -1/44      AC:  3    Str: 11    XL:     6   Next: 79%
Magic:  7/7        EV: 11    Int: 10    God:    Uskayaw [**....]
Gold:   45         SH:  0    Dex: 18    Spells: 5/5 levels left

rFire   . . .        a - +2 dagger {Sukanya}
rCold   . . .        u - +0 short sword {Khabaw}
rNeg    . . .        b - +0 robe
rPois   .            (no helmet)
rElec   .            c - +0 cloak
rCorr   .            (no gloves)
SInv    .            (no boots)
Will    .....        (no amulet)
Stlth   +++          (no ring)
HPRegen 0.27/turn    (no ring)
MPRegen 0.10/turn

%: no passive effects
@: mighty, brilliant, studying Throwing, revving, stiff-legged, very slow
A: off-hand wielding, slow wielding, warmup strikes, warmup strides
a: Renounce Religion, Stomp, Line Pass


You were on level 4 of the Dungeon.
You worshipped Uskayaw.
Uskayaw was noncommittal.
You visited 1 branch of the dungeon, and saw 4 of its levels.

You collected 93 gold pieces.
You spent 48 gold pieces at shops.

Inventory:

Hand Weapons
 a - a +2 dagger (weapon) {Sukanya}
 g - a +1 falchion of holy wrath {Byeongho}
 u - a +0 short sword (worn) {Khabaw}
Missiles
 d - 11 poisoned darts
 e - 2 curare-tipped darts (quivered)
 j - 9 boomerangs {@Q3}
 k - 11 stones
Armour
 b - a +0 robe (worn)
 c - a +0 cloak (worn)
Scrolls
 f - a scroll of enchant armour {unknown}
 h - a scroll of noise {unknown}
 i - 3 scrolls of teleportation {unknown}
 l - 2 scrolls of fog {unknown}
 q - a scroll of revelation {unknown}
 r - a scroll of blinking {unknown}
 s - a scroll of identify {unknown}
 t - 2 scrolls of vulnerability {unknown}
 w - a scroll of enchant weapon {unknown}
Potions
 n - 3 potions of degeneration
 p - 3 potions of curing {@q1}
 v - a potion of resistance {unknown}


   Skills:
 - Level 2.0 Fighting
 + Level 3.8 Short Blades
 + Level 4.6 Throwing
 - Level 0.8 Dodging
 + Level 4.7 Stealth
 + Level 1.5 Invocations


You had 5 spell levels left.
You didn't know any spells.
Your spell library contained the following spells:

 Spells                   Type           Power      Damage    Failure   Level
 Dazzling Flash           Conj/Hex       0%         N/A       75%         3
 Volatile Blastmotes      Fire/Tloc      0%         2d10      75%         3
 Starburst                Conj/Fire      0%         6d3       100%        6
 Maxwell's Capacitive Co  Air            0%         ∞         100%        8


Dungeon Overview and Level Annotations

Branches:
Dungeon (4/15) Zot: 21201
 Temple: D:4-7

Altars:
Dithmenos
Uskayaw
Xom
Zin

Shops:
D:4 !

Annotations:
D:4 Menkaure


Innate Abilities, Weirdness & Mutations

You can wield a second weapon in your off-hand.
It takes a long time for you to wield or remove held weapons.
Your first few attacks do less damage.
Your first movements take longer.


Message History

You throw a poisoned dart. The poisoned dart hits the lemure.
The lemure is poisoned.
The lemure misses you.
You closely miss the lemure with your +2 dagger.
The lemure is lightly wounded.
You closely miss the lemure with your +0 short sword.
The lemure misses you.
Throw: 11 darts (poison)
Press: ? - help, Q - select action, (/) - cycle Shift-Dir - straight line, f/p - iguana
Aim: an iguana (heavily wounded, 65% to hit)
You throw a poisoned dart.
The poisoned dart closely misses the lemure.
The poisoned dart barely misses the iguana.
Throw: 10 darts (poison)
Press: ? - help, Q - select action, (/) - cycle Shift-Dir - straight line, f/p - iguana
Aim: an iguana (heavily wounded, 65% to hit)
You throw a poisoned dart. The poisoned dart misses the lemure.
The poisoned dart hits the iguana.
The iguana is poisoned.
The iguana is heavily wounded.
The lemure hits you.
* * * LOW HITPOINT WARNING * * *
You take 6 damage, and have 19/44 hp.
You hit the lemure but do no damage.
The lemure is lightly wounded.
You hit the lemure with your +0 short sword.
The lemure hits you.
* * * LOW HITPOINT WARNING * * *
You take 3 damage, and have 16/44 hp.
You hit the lemure but do no damage.
The lemure is moderately wounded.
You hit the lemure with your +0 short sword.
The lemure closely misses you.
You closely miss the lemure with your +2 dagger.
The lemure is moderately wounded.
You closely miss the lemure with your +0 short sword.
The lemure hits you.
* * * LOW HITPOINT WARNING * * *
You take 4 damage, and have 12/44 hp.
Throw: 3 darts (curare)
Press: ? - help, Q - select action, (/) - cycle Shift-Dir - straight line, f/p - iguana
Aim: an iguana (severely wounded, poisoned, 65% to hit)
You throw a curare-tipped dart. The curare-tipped dart hits the lemure.
The lemure looks even sicker.
The lemure struggles to breathe.
The lemure seems to slow down.
The lemure is heavily wounded.
You hit the lemure with your +2 dagger.
The lemure is heavily wounded.
You hit the lemure with your +0 short sword.
The lemure closely misses you.
You can now pass through a line of other dancers.
You hit the lemure with your +2 dagger.
The lemure is almost dead.
You hit the lemure with your +0 short sword.
You hit the lemure with your +0 short sword.
You kill the lemure!
That felt strangely unrewarding.
The iguana looks more healthy.
Throw: 2 darts (curare)
Press: ? - help, Q - select action, (/) - cycle Shift-Dir - straight line, f/p - iguana
Aim: an iguana (severely wounded, 65% to hit)
You throw a curare-tipped dart. The curare-tipped dart hits the iguana.
The iguana is poisoned.
The iguana struggles to breathe.
You kill the iguana!
e - 2 curare-tipped darts (gained 1);
d - 10 poisoned darts (gained 1)
d - 11 poisoned darts (gained 1)
You can no longer pass through a line of other dancers.
Menkaure shouts!
You hit Menkaure with your +2 dagger.
Menkaure is lightly damaged.
You barely miss Menkaure with your +0 short sword.
It was a potion of brilliance.
You feel clever all of a sudden. Menkaure hits you.
* * * LOW HITPOINT WARNING * * *
You take 5 damage, and have 12/44 hp.
You hit Menkaure with your +2 dagger.
Menkaure is moderately damaged.
You hit Menkaure with your +0 short sword.
Menkaure points at you and mumbles some strange words.
You barely resist.
You can now pass through a line of other dancers.
It was a potion of might.
You feel very mighty all of a sudden.
Menkaure rustles, "From dust you came, to dust you will return."
Menkaure calls on the powers of darkness!
Your body is wracked with pain!
* * * LOW HITPOINT WARNING * * *
You take 4 damage, and have 8/44 hp.
You barely miss Menkaure with your +2 dagger.
Menkaure is moderately damaged.
You hit Menkaure with your +0 short sword.
You hit Menkaure with your +0 short sword.
Menkaure is heavily damaged.
You barely miss Menkaure with your +2 dagger.
Menkaure gestures ominously.
Menkaure gestures at you while chanting.
Pain shoots through your body!
You die...
Your body falls in perfect tune with the rhythm.

.. .... █.██████.██ █
█... █.█.......█ ..█
█.█.......█ █ █.█
████.█.......███ █ █.█
█............... █ █.█
█)...........█
██████.█████..........<>█
██.>............∩M......█
█.███..........@███.████
██.█ █.████.███.██ █.█ █
██.█ █.█ █.█ █.████....
██.█ █.█ █.█ █......██


██)█ █(. █.█ █.████.█ ██.████.███.███.█ █.█ .5........█.....█ █..
██.████.█.█..████ ████ █..█ You could see Menkaure.

Vanquished Creatures
  An ogre (D:4)
  A lemure (D:4)
  An orc priest (D:4)
  Jessica (D:2)
  2 iguanas (D:4)
  An orc wizard (D:4)
  6 adders
  2 ribbon worms (D:2)
  3 orcs (D:4)
  4 ball pythons
  7 bats
  8 endoplasms
  6 giant cockroaches
  3 goblins
  5 hobgoblins
  4 quokkas
  3 frilled lizards
  5 kobolds
  7 rats
70 creatures vanquished.

Notes
Turn   | Place    | Note
-------+----------+-------------------------------------------
     0 | D:1      | Goblin1989 the Coglin Brigand began the quest for the Orb.
     0 | D:1      | Reached XP level 1. HP: 16/16 MP: 1/1
    88 | D:1      | Reached XP level 2. HP: 18/22 MP: 2/2
   282 | D:1      | Reached XP level 3. HP: 27/27 MP: 3/3
   997 | D:2      | Reached XP level 4. HP: 16/33 MP: 4/4
  1239 | D:2      | Found a hide-covered altar of Uskayaw.
  1332 | D:2      | Became a worshipper of Uskayaw the Reveller
  1391 | D:2      | Noticed Jessica
  1397 | D:2      | Killed Jessica
  1397 | D:2      | Reached * piety under Uskayaw
  1398 | D:2      | Reached XP level 5. HP: 38/38 MP: 5/5
  1959 | D:3      | Found a glowing silver altar of Zin.
  2069 | D:3      | Found a faded altar of an unknown god.
  2136 | D:3      | Reached ** piety under Uskayaw
  2408 | D:4      | Found Ufietok's Distillery.
  2415 | D:4      | Bought a potion of curing for 36 gold pieces
  2415 | D:4      | Bought a potion of degeneration for 12 gold pieces
  2424 | D:4      | Noticed Menkaure
  2457 | D:4      | Noticed an ogre
  2468 | D:4      | Killed an ogre
  2469 | D:4      | Reached skill level 1 in Invocations
  2469 | D:4      | Reached XP level 6. HP: 44/44 MP: 6/6
  2552 | D:4      | Found a shimmering altar of Xom.
  2584 | D:4      | Found a shadowy altar of Dithmenos.
  2694 | D:4      | Killed from afar by Menkaure

Illustrated notes

Levels and vault maps discovered:
D:1:      dpeg_arrival_long_road, layout_loops_cross
D:2:      layout_loops_ring, basic_altar, dk_noncrumbling_2, uniq_jessica
D:3:      layout_rooms, mainiacjoe_overflow_24_doors,
          ebering_ecumenical_altar_hall, minmay_misc_feat_diagonals,
          grunt_decor_one_mirror
D:4:      layout_loops_ring, nicolae_uskayaw_dance_hall,
          mainiacjoe_overflow_two_lobes, serial_shops, shop, uniq_menkaure,
          uniq_blork_the_orc, uniq_pikel

Skill      XL: |  1  2  3  4  5 |
---------------+----------------+-----
Short Blades   | 2 3 |  3.8
Throwing       | 2 3 4 |  4.6
Stealth        | 4 |  4.7
Invocations    | 1 |  1.5
Fighting       | |  2.0
Dodging        | |  0.8

Action                     |  1- 3 |  4- 6 || total
---------------------------+-------+-------++-------
  Melee: Dagger            |    54 |    77 ||   131
         Falchion          |    37 |    25 ||    62
         Short sword       |       |    57 ||    57
  Throw: Boomerang         |       |     4 ||     4
         Dart              |       |    11 ||    11
    Use: Potion            |       |     2 ||     2
   Stab: Sleeping          |    11 |    12 ||    23
 Armour: Robe              |    41 |    36 ||    77
  Dodge: Dodged            |    47 |    38 ||    85

Table legend: (Time is in decaauts)
 A = Elapsed time spent in this place.
 B = Non-inter-level travel time spent in this place.
 C = Inter-level travel time spent in this place.
 D = Time resting spent in this place.
 E = Time spent auto-exploring this place.
 F = Levels seen in this place.
 G = Mean time per level.
                   A        B        C        D        E       F      G
               +--------+--------+--------+--------+--------+-----+--------+
         Total |   2797 |   2457 |    340 |      0 |   1727 |   4 |  699.2 |
       Dungeon |   2797 |   2457 |    340 |      0 |   1727 |   4 |  699.2 |
               +--------+--------+--------+--------+--------+-----+--------+

Top non-repeatable levels by time:
     D:2: 1009 daAuts
     D:1: 932 daAuts
     D:3: 560 daAuts
     D:4: 296 daAuts
